 Dungeon Crawl Stone Soup version 0.18-a0-1312-gf98331d (webtiles) character file.

60 glosham the Insei (level 4, -15/28 HPs)
             Began as a Kobold Monk on Feb 15, 2016.
             Demolished by Crazy Yiuf
             ... wielding a +2 quarterstaff of chaos
              (21 damage)
             ... on level 2 of the Dungeon.
             The game lasted 00:18:17 (963 turns).

glosham the Insei (Kobold Monk)                      Turns: 963, Time: 00:18:17

Health: -15/28     AC:  5    Str: 12    XL:     4   Next: 25%
Magic:  4/4        EV: 15    Int:  9    God:
Gold:   23         SH:  0    Dex: 18    Spells: 0 memorised, 3 levels left

rFire  . . .     SeeInvis .       - Unarmed
rCold  . . .     Gourm    .     X - +0 ring mail (curse)
rNeg   . . .     Faith    .     (shield restricted)
rPois  +         Spirit   .     (no helmet)
rElec  .         Dismiss  .     (no cloak)
rCorr  .         Reflect  .     (no gloves)
SustAt .         Harm     .     (no boots)
MR     .....                    (no amulet)
Stlth  ++........               B - ring of poison resistance
                                A - +3 ring of strength

@: not resistant to hostile enchantments, unstealthy
A: carnivore 3
a: no special abilities


You were on level 2 of the Dungeon.
You were completely stuffed.

You visited 1 branch of the dungeon, and saw 2 of its levels.

You collected 23 gold pieces.

Inventory:

Hand Weapons
 b - a +0 mace of holy wrath
Missiles
 d - 43 stones (quivered)
 f - 34 poisoned needles
 g - 42 arrows
 j - 8 exploding sling bullets
Armour
 c - a +0 robe
 e - a +4 ring mail
 X - a cursed +0 ring mail (worn)
Jewellery
 A - a +3 ring of strength (left hand)
 B - a ring of poison resistance (right hand)
Scrolls
 h - a scroll of enchant weapon
 k - 2 scrolls of identify
Potions
 i - 2 potions of curing
 l - a potion of flight
Comestibles
 a - a meat ration


   Skills:
 - Level 3.2 Fighting
 - Level 3.6 Dodging
 - Level 2.6 Stealth
 * Level 5.5 Unarmed Combat


You had 3 spell levels left.
You didn't know any spells.

Dungeon Overview and Level Annotations

Branches:
Dungeon (2/15)

Altars:

Annotations:
D:2 Crazy Yiuf, Robin


Innate Abilities, Weirdness & Mutations

You are small and have problems with some larger weapons.
You are carnivorous and can eat meat at any time.


Message History

i - a chunk of flesh
Things that are here:
an enchanted dagger; a goblin skeleton
There is a stone staircase leading down here.
You start resting.
Eating a chunk of flesh.
This raw flesh tastes great.
HP restored.
You climb downwards.
Level annotation: Crazy Yiuf, Robin
There is a stone staircase leading up here.
The goblin barely misses you.
You climb upwards.
There is a stone staircase leading down here.
You punch the goblin!
You kill the goblin!
You see here a mace of holy wrath.
i - a mace of holy wrath Wield which item (- for none, * to show all)? (? for menu, Esc to quit)
It softly glows with a divine radiance!
i - a +0 mace of holy wrath (weapon)
Your +0 mace of holy wrath stops glowing.
You are now empty-handed.
Adjust (i)tems, (s)pells, or (a)bilities?
Adjust which item? (? for menu, Esc to quit)
i - a +0 mace of holy wrath Adjust to which letter? (? for menu, Esc to quit)
b - a +0 mace of holy wrath;
i - 2 potions of curing
There is a stone staircase leading down here.
You climb downwards.
Level annotation: Crazy Yiuf, Robin Crazy Yiuf hits you with a quarterstaff of chaos!
Crazy Yiuf burns you.
There is a stone staircase leading up, spattered with blood here.
You closely miss Crazy Yiuf.
Crazy Yiuf hits you with a quarterstaff of chaos!
Ouch! That really hurt!
* * * LOW HITPOINT WARNING * * *
Space warps horribly around you!
Ouch! That really hurt!
You die...

#.......###############.#
####.#####........# #.#
####. #.# #.....##.#
###.##...... #.#
#.....##.# #...........
#.# #..)..##.#
#.#.##...... #.##
#........# #.#.## ####?
#..# ##.......###....#
##.# #.##g##.##...#.#
###)#####.##.@.........#
#......##.#####.##.#####
#.#.##.##.#####.##.#
#.#.##......g......# #
########g######### #.#
#######.## ##
###)#.g.'..#
...##g.#.......#


You could see Crazy Yiuf.

Vanquished Creatures
  Terence (D:2)
  A giant cockroach (D:1)
  10 goblins
  4 hobgoblins
  2 kobolds
  4 bats (D:1)
  7 giant newts (D:1)
  5 rats (D:1)
34 creatures vanquished.

Notes
Turn   | Place    | Note
--------------------------------------------------------------
     0 | D:1      | glosham the Kobold Monk began the quest for the Orb.
     0 | D:1      | Reached XP level 1. HP: 14/14 MP: 1/1
   222 | D:1      | Reached XP level 2. HP: 12/19 MP: 2/2
   543 | D:1      | Reached XP level 3. HP: 23/23 MP: 3/3
   785 | D:2      | Reached skill level 5 in Unarmed Combat
   791 | D:2      | Noticed Terence
   803 | D:2      | Killed Terence
   803 | D:2      | Reached XP level 4. HP: 25/28 MP: 4/4
   854 | D:2      | Noticed Crazy Yiuf
   854 | D:2      | Noticed Robin
   963 | D:2      | Demolished by Crazy Yiuf

Vault maps used:
D:1:      evilmike_arrival_rings, minmay_newt_pond
D:2:      uniq_jessica, uniq_terence, uniq_crazy_yiuf_cottage, uniq_robin

Action                   |  1- 3 |  4- 6 || total
-------------------------+-------+-------++-------
Melee: Unarmed           |    78 |    15 ||    93
  Use: Scroll            |     4 |       ||     4
       Potion            |     1 |       ||     1
 Stab: Sleeping          |     7 |       ||     7
       Distracted        |     1 |       ||     1
  Eat: Chunk             |     8 |     1 ||     9

Table legend:
 A = Turns spent in this place as a percentage of turns spent in the entire game.
 B = Non-inter-level travel turns spent in this place as a percentage of non-inter-level travel turns spent in the entire game.
 C = Inter-level travel turns spent in this place as a percentage of turns spent in this place.
 D = Turns resting spent in this place as a percentage of non-inter-level travel turns spent in this place.
 E = Turns spent auto-exploring this place as a percentage of non-inter-level travel turns spent in this place.
 F = Non-inter-level travel turns spent in this place divided by the number of levels of this place that you've seen.
                   A       B       C       D       E      F
               +-------+-------+-------+-------+-------+----------------------
         Total | 100.0 | 100.0 |   0.3 |   0.6 |   0.1 | 349.0
       Dungeon | 100.0 | 100.0 |   0.3 |   0.6 |   0.1 | 349.0
               +-------+-------+-------+-------+-------+----------------------

Table legend:
 A = Kills in this place as a percentage of kills in entire the game.
 B = Kills by you in this place as a percentage of kills by you in the entire game.
 C = Kills by friends in this place as a percentage of kills by friends in the entire game.
 D = Other kills in this place as a percentage of other kills in the entire game.
 E = Experience gained in this place as a percentage of experience gained in the entire game.
 F = Experience gained in this place divided by the number of levels of this place that you have seen.
                   A       B       C       D       E      F
               +-------+-------+-------+-------+-------+----------------------
         Total | 100.0 | 100.0 |  -nan |  -nan | 100.0 |  43.5
       Dungeon | 100.0 | 100.0 |  -nan |  -nan | 100.0 |  43.5
               +-------+-------+-------+-------+-------+----------------------

Vault maps used:
D:1:      evilmike_arrival_rings, minmay_newt_pond
D:2:      uniq_jessica, uniq_terence, uniq_crazy_yiuf_cottage, uniq_robin
